Map: Snowbound Colony

Players

Raynar - Winner!

  • Race: Protoss Protoss
  • Spawn Location: 1:00

SlushyStar - Winner!

  • Race: Terran Terran
  • Spawn Location: 12:00

Throwfordays - Winner!

  • Race: Protoss Protoss
  • League: Silver
  • Spawn Location: 1:00

VOD

Have the link to the VOD?

Description

Time

  • Played on: April 26, 2019, 2:29 p.m.
  • Length: 13:30
Show
View Real Time Build Order
Export as new Build Order

Raynar Protoss - Winner!

Build Orders:  

Get SALT Encoding   

  1  0:00  Probe (Chrono Boost)  
  13  0:10  Probe (Chrono Boost)  
  14  0:26  Pylon  
  14  0:35  Probe (Chrono Boost)  
  15  0:54  Forge  
  15  0:58  Probe (Chrono Boost)  
  16  1:15  Probe (Chrono Boost)  
  17  1:34  Probe (Chrono Boost)  
  17  1:35  Assimilator  
  18  1:47  Gateway  
  19  1:51  Probe (Chrono Boost)  
  19  1:53  Pylon  
  19  2:27  Nexus  
  20  2:52  Probe (Chrono Boost)  
  20  3:06  Probe (Chrono Boost)  
  21  3:17  Probe (Chrono Boost)  
  21  3:28  Probe (Chrono Boost)  
  22  3:33  Pylon  
  22  3:39  Pylon  
  23  3:45  Probe (Chrono Boost)  
  24  4:00  Pylon  
  24  4:02  Probe (Chrono Boost)  
  25  4:15  Pylon  
  25  4:27  Photon Cannon  
  25  4:34  Photon Cannon  
  25  4:55  Photon Cannon  
  25  5:05  Cybernetics Core  
  25  5:09  Photon Cannon  
  25  5:25  Photon Cannon  
  25  5:30  Pylon  
  25  5:31  Probe (Chrono Boost)  
  25  5:39  Probe (Chrono Boost)  
  26  5:43  Probe (Chrono Boost)  
  28  5:51  Probe (Chrono Boost)  
  28  5:56  Probe (Chrono Boost)  
  28  5:58  Pylon  
  30  6:04  Photon Cannon  
  30  6:05  Probe (Chrono Boost)  
  30  6:06  Shield Battery  
  31  6:12  Shield Battery  
  31  6:13  Probe (Chrono Boost)  
  33  6:22  Shield Battery, Probe (Chrono Boost)  
  34  6:30  Probe (Chrono Boost)  
  34  6:32  Shield Battery  
  34  6:39  Probe (Chrono Boost)  
  35  6:42  Photon Cannon  
  35  6:53  Zealot  
  37  7:08  Pylon  
  37  7:18  Pylon  
  37  7:25  Pylon  
  37  7:47  Shield Battery  
  37  7:54  Shield Battery  
  37  7:58  Photon Cannon  
  37  8:01  Photon Cannon x2  
  37  8:05  Shield Battery  
  37  8:07  Shield Battery  
  37  8:14  Probe (Chrono Boost)  
  38  8:22  Assimilator  
  38  8:25  Probe (Chrono Boost)  
  38  8:27  Probe (Chrono Boost)  
  40  8:37  Pylon  
  40  8:39  Probe (Chrono Boost)  
  40  8:44  Probe (Chrono Boost)  
  42  8:52  Pylon  
  42  8:56  Probe (Chrono Boost)  
  42  8:57  Photon Cannon  
  44  9:01  Probe (Chrono Boost)  
  44  9:10  Shield Battery  
  44  9:13  Probe (Chrono Boost)  
  44  9:18  Photon Cannon, Probe (Chrono Boost)  
  44  9:19  Photon Cannon  
  46  9:25  Photon Cannon  
  46  9:30  Shield Battery  
  46  9:37  Shield Battery  
  46  9:42  Shield Battery  
  46  9:45  Pylon  
  46  9:50  Photon Cannon  
  46  9:52  Photon Cannon  
  46  10:04  Photon Cannon  
  46  10:09  Pylon  
  46  10:20  Photon Cannon  
  46  10:21  Photon Cannon  
  46  10:23  Shield Battery, Photon Cannon  
  46  10:48  Photon Cannon  
  46  10:50  Photon Cannon  
  46  10:52  Shield Battery  
  46  10:56  Shield Battery  
  46  11:19  Pylon  
  46  11:25  Shield Battery  
  46  11:36  Pylon  
  46  11:48  Photon Cannon  
  46  11:53  Photon Cannon  
  46  11:55  Shield Battery  
Show
View Real Time Build Order
Export as new Build Order

SlushyStar Terran - Winner!

Build Orders:  

Get SALT Encoding   

  12  0:03  SCV  
  13  0:27  Supply Depot  
  13  0:32  SCV  
  14  0:49  SCV  
  15  1:06  SCV  
  16  1:25  Barracks  
  16  1:26  SCV  
  17  1:37  Refinery  
  17  1:43  SCV  
  17  1:46  Refinery  
  18  2:07  SCV  
  19  2:24  SCV  
  20  2:41  SCV  
  21  3:05  SCV  
  22  3:22  SCV  
  23  4:48  Factory  
  23  5:08  Supply Depot  
  23  5:38  Marine, SCV  
  25  5:40  Supply Depot  
  25  5:53  Factory Tech Lab  
  25  5:55  SCV  
  26  6:02  Starport  
  26  6:03  Marine  
  27  6:12  Supply Depot  
  27  6:28  Marine  
  28  6:43  Supply Depot  
  28  6:53  Marine  
  28  6:58  Starport Tech Lab  
  29  7:05  Siege Tank  
  32  7:18  Marine  
  33  7:41  Bunker  
  33  7:43  Marine  
  33  7:44  SCV  
  35  7:50  Siege Tank  
  38  8:03  Medivac  
  38  8:09  Barracks Reactor  
  40  8:35  Cyclone  
  43  8:45  Medivac  
  45  8:59  Command Center  
  45  9:00  Marine  
  45  9:01  Marine  
  47  9:18  Barracks  
  47  9:20  Cyclone  
  47  9:25  Marine x2  
  47  9:27  Banshee  
  55  9:40  Supply Depot  
  55  10:10  Marine x2, Cyclone  
  55  10:12  Supply Depot  
  60  10:26  Barracks Tech Lab  
  60  10:27  Banshee  
  63  10:39  Marine x2  
  65  10:40  SCV  
  65  10:41  Refinery  
  65  10:43  Supply Depot  
  66  10:57  SCV, Marauder  
  69  11:04  Marine x2  
  71  11:14  SCV  
  71  11:15  Supply Depot  
  72  11:27  Banshee, Marauder  
  72  11:29  Marine x2  
  79  11:31  SCV  
  80  11:46  Supply Depot  
  80  11:48  SCV  
  81  11:54  Marine x2  
  81  11:57  Marauder  
  85  12:05  SCV  
  86  12:19  Marine x2  
  88  12:22  SCV  
  88  12:27  Marauder  
  91  12:44  Marine x2  
  93  12:57  Marauder  
Show
View Real Time Build Order
Export as new Build Order

Throwfordays Protoss - Winner!

Build Orders:  

Get SALT Encoding   

  12  0:03  Probe (Chrono Boost)  
  13  0:20  Pylon  
  13  0:26  Probe (Chrono Boost)  
  14  0:37  Probe (Chrono Boost)  
  14  0:49  Forge  
  15  0:52  Probe (Chrono Boost)  
  16  1:09  Probe (Chrono Boost)  
  17  1:37  Pylon  
  17  1:42  Pylon  
  17  2:04  Photon Cannon  
  17  2:07  Photon Cannon  
  17  2:13  Photon Cannon  
  17  2:20  Photon Cannon  
  17  2:27  Pylon  
  17  2:50  Photon Cannon  
  17  2:57  Photon Cannon  
  17  3:11  Photon Cannon  
  17  3:19  Pylon  
  17  3:35  Photon Cannon  
  17  3:49  Photon Cannon  
  17  4:01  Photon Cannon  
  17  4:13  Photon Cannon  
  17  4:34  Pylon  
  17  4:47  Photon Cannon  
  17  5:02  Photon Cannon  
  17  5:08  Photon Cannon  
  17  5:12  Pylon  
  17  5:41  Photon Cannon  
  17  5:44  Photon Cannon  
  17  5:50  Pylon  
  17  6:06  Photon Cannon  
  17  6:22  Photon Cannon  
  17  6:26  Photon Cannon  
  17  6:34  Photon Cannon  
  17  6:50  Photon Cannon  
  17  7:04  Photon Cannon  
  17  7:47  Photon Cannon  
  17  7:50  Photon Cannon  
  17  7:52  Photon Cannon  
  17  7:57  Photon Cannon  
  17  8:33  Pylon  
  17  9:23  Nexus  
  17  9:30  Pylon  
  17  9:40  Gateway  
  17  9:42  Gateway  
  17  10:27  Pylon  
  17  10:46  Probe (Chrono Boost)  
  18  10:54  Photon Cannon  
  18  10:56  Photon Cannon  
  18  10:58  Photon Cannon  
  18  11:01  Photon Cannon  
  18  11:03  Probe (Chrono Boost)  
  18  11:04  Photon Cannon  
  19  11:13  Photon Cannon  
  20  11:20  Probe (Chrono Boost)  
  20  11:28  Photon Cannon  
  20  11:35  Probe (Chrono Boost)  
  20  11:37  Probe (Chrono Boost)  
  22  11:46  Probe (Chrono Boost)  
  22  11:54  Probe (Chrono Boost)  
  24  12:00  Probe (Chrono Boost)  
  24  12:06  Photon Cannon  
  25  12:17  Probe (Chrono Boost)  
  26  12:34  Probe (Chrono Boost)  
Tags
 
League
Silver
Matchup
Co-op
Replay Pack
Multiplayer
Add a new tag
Caveats
  • Supply blocks, unpowered buildings, or Contaminate may cause inaccurate times.
  • Supply counts are checked every 10 seconds.